 Dungeon Crawl Stone Soup version 0.22-a0-571-g4a923d4 (webtiles) character file.

8 iamserjio the Covered (level 2, -3/19 HPs)
             Began as a Gargoyle Fighter on July 1, 2018.
             Slain by Sigmund
             ... wielding a +0 scythe
              (6 damage)
             ... on level 2 of the Dungeon.
             The game lasted 00:00:41 (104 turns).

iamserjio the Covered (Gargoyle Fighter)             Turns: 104, Time: 00:00:42

Health: -3/19      AC:  9    Str: 24    XL:     2   Next: 8%
Magic:  2/2        EV:  7    Int:  8    God:
Gold:   23         SH:  9    Dex:  9    Spells: 1/1 levels left

rFire    . . .     SeeInvis .   a - +0 war axe
rCold    . . .     Gourm    .   c - +0 shield
rNeg     + . .     Faith    .   b - +0 scale mail
rPois    ∞         Spirit   .   (no helmet)
rElec    +         Reflect  .   (no cloak)
rCorr    .         Harm     .   (no gloves)
MR       .....                  (no boots)
Stlth    ..........             (no amulet)
HPRegen  0.06/turn              (no ring)
MPRegen  0.08/turn              (no ring)

@: mighty
A: negative energy resistance 1, electricity resistance, unbreathing,
petrification resistance, rot immunity, AC +2
a: no special abilities


You were on level 2 of the Dungeon.
You were not hungry.

You visited 1 branch of the dungeon, and saw 2 of its levels.

You collected 23 gold pieces.

Inventory:

Hand Weapons
 a - a +0 war axe (weapon)
 g - a +1 mace of protection
Armour
 b - a +0 scale mail (worn)
 c - a +0 shield (worn)
Scrolls
 e - a scroll of remove curse {unknown}
Comestibles
 f - a ration


   Skills:
 + Level 3.4 Fighting
 + Level 2.0 Axes
 + Level 3.4 Armour
 + Level 3.4 Shields


You had one spell level left.
You didn't know any spells.
Your spell library was empty.

Dungeon Overview and Level Annotations

Branches:
Dungeon (2/15)

Altars:

Annotations:
D:2 Sigmund


Innate Abilities, Weirdness & Mutations

You are resistant to torment.
Your stone body is resilient. (AC +2)
You are immune to poison.
You resist negative energy. (rN+)
You are resistant to electric shocks. (rElec)
You can survive without breathing.
You are immune to petrification.
You are immune to rotting.


Message History

Your shield prevents you from hitting the frilled lizard.
The frilled lizard barely misses you. Sigmund casts a spell at you.
The puff of flame hits you! The frilled lizard bites you.
You completely miss Sigmund.
Sigmund is moderately wounded.
You slash the frilled lizard!
You kill the frilled lizard!
Your Axes skill increases to level 2!
Sigmund gestures at you while chanting. The magic dart hits you!
You block Sigmund's attack.
You closely miss Sigmund.
Sigmund is moderately wounded.
Sigmund casts a spell at you. The puff of flame hits you!
* * * LOW HITPOINT WARNING * * *
You slice Sigmund!!
Sigmund is almost dead.
Sigmund hits you with a scythe.
You die...

##............#
#.##.........#
...
#.........###
..
#...........#
##
#.#########.#
#.# #.# #.#
#.## #..# ##@#
#@†# ##.# .# .#
.# ##


You could see Sigmund.

Vanquished Creatures
  A worm (D:2)
  A dart slug (D:1)
  A ball python (D:1)
  A frilled lizard (D:2)
  A rat (D:1)
5 creatures vanquished.

Notes
Turn   | Place    | Note
-------+----------+-------------------------------------------
     0 | D:1      | iamserjio the Gargoyle Fighter began the quest for the Orb.
     0 | D:1      | Reached XP level 1. HP: 14/14 MP: 1/1
    76 | D:2      | Reached XP level 2. HP: 19/19 MP: 2/2
    89 | D:2      | Noticed Sigmund
   104 | D:2      | Slain by Sigmund

Vault maps used:
D:1:      matt_arrival_grand_opening
D:2:      lemuel_coloured_pillars_altar, lemuel_crystal_altar,
          marbit_many_paths, uniq_sigmund

Skill      XL: |  1  2 |
---------------+-------+-----
Axes           | 2 |  2.0
Fighting       | |  3.4
Armour         | |  3.4
Shields        | |  3.4

Action                   || total
-------------------------++-------
Melee: War axe           ||    18
  Use: Potion            ||     2
Armor: Scale mail        ||     6
Dodge: Dodged            ||     6
Block: Shield            ||     5

Table legend:
 A = Spawn XP
 B = Non-spawn XP
 C = Spawn XP percentage of total XP
 D = Spawn monster count
 E = Non-spawn monster count
 F = Spawn count percentage of total count
 G = Total turns spent on level
                    A         B        C        D         E        F      G
               +---------+---------+-------+---------+---------+-------+---------
         Total |       0 |      12 |   0.0 |       0 |       5 |   0.0 |   104
               +---------+---------+-------+---------+---------+-------+---------
           D:1 |       0 |       6 |   0.0 |       0 |       3 |   0.0 |    66
           D:2 |       0 |       6 |   0.0 |       0 |       2 |   0.0 |    38
               +---------+---------+-------+---------+---------+-------+---------
